[Event "Titled Tuesday Blitz June 20 Early 2023"]
[White "Moksh Amit Doshi"]
[Black "Sanal, Vahap"]
[WhiteFideId "25064967"]
[BlackFideId "6300545"]
[WhiteElo "2297"]
[BlackElo "2606"]
[Result "0-1"]
[Round "2"]
[TimeControl "180+2"]
[Date "2023.06.20"]
[WhiteClock "0:00:03"]
[BlackClock "0:00:31"]
[Board "29"]

1. d4 d6 2. Nf3 c5 3. dxc5 Qa5+ 4. Nc3 Qxc5 5. e4 Nf6 6. Be3 Qa5 7. Qd2 g6 8. O-O-O Bg7 9. Kb1 Nc6 10. h3 Be6 11. a3 O-O 12. Ng5 Bd7 13. Bc4 Ne5 14. Ba2 h6 15. Nf3 Nxf3 16. gxf3 Qh5 17. f4 Be6 18. Bxe6 fxe6 19. Rdg1 Rac8 20. Rg3 Rxc3 21. Qxc3 Nxe4 22. Qb3 Nxg3 23. Qxe6+ Kh7 24. fxg3 Qf3 25. Rg1 Qc6 26. Bc1 Rc8 27. Qe2 Qc4 28. Re1 Bf6 29. g4 Qxe2 30. Rxe2 g5 31. f5 h5 32. b3 Kg7 33. Bb2 Kf7 34. Bxf6 Kxf6 35. Re6+ Kf7 36. gxh5 Rc3 37. Rg6 Rxh3 38. Rxg5 Kf6 39. Rg6+ Kxf5 40. Rg7 Kf6 41. Rh7 b5 42. Kb2 a5 43. b4 a4 44. Rh8 Kg7 45. Re8 Kf7 46. Rh8 Kg7 47. Re8 Re3 48. Rb8 Re5 49. c4 bxc4 50. b5 Re3 51. b6 Rb3+ 52. Kc2 d5 53. b7 d4 54. Rc8 Rxb7 55. Rxc4 e5 56. Rxa4 Rc7+ 57. Kd3 Rc3+ 58. Ke4 Re3+ 59. Kf5 d3 60. Ra7+ Kh6 61. Rd7 e4 62. a4 Re2 63. a5 d2 64. a6 e3 65. a7 Rf2+ 66. Kg4 Rf8 67. Rd6+ Kh7 68. Rd7+ Kh8 69. h6 e2 70. Rxd2 e1=Q 0-1


[Site "https://www.chess.com"]

[Event "Titled Tuesday Blitz June 20 Early 2023"]
[White "Zhigalko, Sergei"]
[Black "Bodnaruk, Anastasia"]
[WhiteFideId "13502956"]
[BlackFideId "4181751"]
[WhiteElo "2626"]
[BlackElo "2304"]
[Result "1-0"]
[Round "2"]
[TimeControl "180+2"]
[Date "2023.06.20"]
[WhiteClock "0:00:08"]
[BlackClock "0:00:01"]
[Board "30"]

1. e4 c5 2. Nf3 d6 3. d4 cxd4 4. Qxd4 a6 5. Bc4 Nc6 6. Qd3 e6 7. Nc3 b5 8. Bb3 Nf6 9. Bf4 h6 10. O-O-O e5 11. Bg3 Be6 12. Kb1 Be7 13. Bh4 g5 14. Bg3 g4 15. Nh4 Nd4 16. Nf5 Bxf5 17. exf5 Rc8 18. h3 Qd7 19. hxg4 Nxg4 20. f3 Nf6 21. f4 Ng4 22. fxe5 dxe5 23. Rhe1 Qxf5 24. Bxe5 Qxd3 25. Rxd3 Nxe5 26. Rxe5 Nxb3 27. axb3 Kf8 28. Rd7 Bf6 29. Rf5 Kg7 30. Ne4 Rc6 31. c3 Re8 32. Nd6 Re1+ 33. Ka2 Kg6 34. Rf3 Rd1 35. Rxf6+ Kxf6 36. Ne8+ Ke6 37. Rxd1 f5 38. b4 f4 39. Re1+ Kf7 40. Re4 h5 41. Kb3 h4 42. Kc2 h3 43. Rxf4+ Kxe8 44. gxh3 Rh6 45. Rf3 Kd7 46. Rg3 Rf6 47. Rg2 Rf3 48. Rh2 Rf5 49. h4 Rh5 50. Kd3 Kd6 51. Ke4 Ke6 52. Kf4 Kf6 53. Kg4 Kg6 54. Rd2 Re5 55. Rd6+ Kh7 56. Rxa6 Re2 57. Rb6 1-0


[Site "https://www.chess.com"]

[Event "Titled Tuesday Blitz June 20 Early 2023"]
[White "Sourath Biswas"]
[Black "Sjugirov, Sanan"]
[WhiteFideId "35091484"]
[BlackFideId "4189302"]
[WhiteElo "2171"]
[BlackElo "2569"]
[Result "0-1"]
[Round "2"]
[TimeControl "180+2"]
[Date "2023.06.20"]
[WhiteClock "0:00:15"]
[BlackClock "0:00:04"]
[Board "31"]

1. d4 Nf6 2. Nf3 d5 3. Bf4 c5 4. e3 Nc6 5. Nbd2 e6 6. c3 Nh5 7. Bg5 f6 8. Bh4 g6 9. g4 Ng7 10. Bb5 g5 11. Bg3 h5 12. gxh5 Nxh5 13. Rg1 Bd7 14. dxc5 Bxc5 15. Nb3 Be7 16. Bd3 Nxg3 17. Bg6+ Kf8 18. Rxg3 f5 19. Nbd4 Bf6 20. Nxf5 exf5 21. Qxd5 Qe7 22. Nxg5 Bxg5 23. Rxg5 Be6 24. Qg2 Rxh2 25. Qxh2 Qxg5 26. Qd6+ Qe7 27. Qf4 Qf6 28. Qh6+ Qg7 29. Qh5 Ne7 30. Bh7 Qg1+ 31. Ke2 Bc4+ 32. Kf3 Bd5+ 33. Kf4 Qxf2+ 34. Ke5 Qxe3+ 35. Kf6 Qe6+ 36. Kg5 Kg7 37. Rg1 Qe3+ 38. Kh4+ Qxg1 0-1


[Site "https://www.chess.com"]

[Event "Titled Tuesday Blitz June 20 Early 2023"]
[White "Baskakov, Egor"]
[Black "Sowul, Bartosz"]
[WhiteFideId "24197866"]
[BlackFideId "1137590"]
[WhiteElo "2225"]
[BlackElo "2188"]
[Result "1-0"]
[Round "2"]
[TimeControl "180+2"]
[Date "2023.06.20"]
[WhiteClock "0:01:23"]
[BlackClock "0:00:31"]
[Board "32"]

1. e4 c5 2. Nf3 d6 3. d4 cxd4 4. Nxd4 Nf6 5. Nc3 Nc6 6. g3 e5 7. Nde2 Bg4 8. Bg2 Nd4 9. Qd3 Nxe2 10. Nxe2 Rc8 11. c4 Qc7 12. b3 b5 13. cxb5 Qc2 14. Qxc2 Rxc2 15. Bd2 d5 16. exd5 Bc5 17. h3 Bd7 18. a4 Bxf2+ 19. Kxf2 Rxd2 20. Rhd1 Rb2 21. Rdb1 Rxb1 22. Rxb1 Ke7 23. Rc1 Kd6 24. b4 Rb8 25. Rc5 e4 26. Nc3 Ke5 27. Ke3 Nh5 28. d6+ 1-0


[Site "https://www.chess.com"]

[Event "Titled Tuesday Blitz June 20 Early 2023"]
[White "TimGrutter03"]
[Black "Henriquez Villagra, Cristobal"]
[BlackFideId "3409350"]
[WhiteElo "2580"]
[BlackElo "2542"]
[Result "0-1"]
[Round "2"]
[TimeControl "180+2"]
[Date "2023.06.20"]
[WhiteClock "0:00:00"]
[BlackClock "0:00:07"]
[Board "33"]

1. d4 d6 2. Nc3 Nf6 3. e4 e5 4. Nge2 Nbd7 5. Rg1 h5 6. f3 c6 7. a4 Be7 8. Be3 Qa5 9. Qd2 b5 10. Nc1 b4 11. N3e2 d5 12. Nb3 Qc7 13. Ng3 g6 14. Bd3 dxe4 15. Nxe4 Nd5 16. Bg5 f6 17. Bh4 g5 18. Bf2 exd4 19. Nxd4 Ne5 20. O-O-O a6 21. Nb3 Nxd3+ 22. Qxd3 Nf4 23. Qe3 O-O 24. h4 Nd5 25. Qe2 Bf5 26. hxg5 fxg5 27. Kb1 Qe5 28. Bd4 Qe6 29. Rge1 Qg6 30. Qc4 Rf7 31. Nec5 a5 32. Re2 Bf8 33. Ree1 h4 34. Ne4 Nf4 35. Nbc5 Rd8 36. Be3 Rxd1+ 37. Rxd1 Nd5 38. Bd4 g4 39. Nd2 g3 40. Rg1 Bh6 0-1


[Site "https://www.chess.com"]

[Event "Titled Tuesday Blitz June 20 Early 2023"]
[White "Eljanov, Pavel"]
[Black "Zavgorodniy, Sergiy"]
[WhiteFideId "14102951"]
[BlackFideId "14110148"]
[WhiteElo "2598"]
[BlackElo "2402"]
[Result "0-1"]
[Round "2"]
[TimeControl "180+2"]
[Date "2023.06.20"]
[WhiteClock "0:00:16"]
[BlackClock "0:00:14"]
[Board "34"]

1. d4 d5 2. c4 dxc4 3. e4 Nf6 4. e5 Nd5 5. Bxc4 Nb6 6. Bd3 Nc6 7. Ne2 Nb4 8. Be4 N4d5 9. Nbc3 Be6 10. O-O c6 11. f4 f5 12. exf6 exf6 13. f5 Bf7 14. Bxd5 Nxd5 15. Nf4 Nxf4 16. Bxf4 Be7 17. d5 cxd5 18. Qg4 Qb6+ 19. Kh1 Qxb2 20. Rac1 Rc8 21. Na4 Rxc1 22. Rxc1 Qd4 23. Re1 O-O 24. Nc3 Qxc3 25. Rc1 Qd4 26. Qg3 Re8 27. h3 Bf8 0-1


[Site "https://www.chess.com"]

[Event "Titled Tuesday Blitz June 20 Early 2023"]
[White "Degenbaev, Aziz"]
[Black "Grandelius, Nils"]
[WhiteFideId "13802640"]
[BlackFideId "1710400"]
[WhiteElo "2152"]
[BlackElo "2573"]
[Result "1/2-1/2"]
[Round "2"]
[TimeControl "180+2"]
[Date "2023.06.20"]
[WhiteClock "0:01:38"]
[BlackClock "0:01:40"]
[Board "35"]

1. e4 e5 2. Nf3 Nc6 3. d4 exd4 4. Nxd4 Qf6 5. Nf3 Bc5 6. Nc3 Nge7 7. Bg5 Qg6 8. Bd3 h6 9. e5 Qh5 10. Bxe7 Bxe7 11. Qe2 O-O 12. Qe4 g6 13. g4 Qh3 14. Ng1 Qh4 15. Nf3 Qh3 16. Ng1 Qh4 17. Nf3 Qh3 1/2-1/2


[Site "https://www.chess.com"]

[Event "Titled Tuesday Blitz June 20 Early 2023"]
[White "Subelj, Jan"]
[Black "Ibarra Jerez, Jose Carlos"]
[WhiteFideId "14618583"]
[BlackFideId "2226332"]
[WhiteElo "2499"]
[BlackElo "2631"]
[Result "0-1"]
[Round "2"]
[TimeControl "180+2"]
[Date "2023.06.20"]
[WhiteClock "0:00:08"]
[BlackClock "0:00:13"]
[Board "36"]

1. e4 c5 2. Nf3 e6 3. c3 Nf6 4. Bd3 d5 5. e5 Nfd7 6. Bc2 c4 7. d4 cxd3 8. Qxd3 Nc6 9. Qe2 g6 10. O-O Bg7 11. Bf4 Qc7 12. Re1 O-O 13. Nbd2 b6 14. Nb3 a5 15. Nbd4 Ba6 16. Qe3 Nxd4 17. Nxd4 b5 18. a4 b4 19. cxb4 axb4 20. Rac1 Nc5 21. Bb1 Qb6 22. a5 Qc7 23. Nb3 d4 24. Qg3 Bb5 25. Rxc5 Qd7 26. Rd1 d3 27. h4 Rfd8 28. Rd2 Bf8 29. Rc1 Qd5 30. Ba2 Bc4 31. Rxc4 Qxc4 32. h5 Rd5 33. hxg6 hxg6 34. Bg5 Rdxa5 35. Nxa5 Qxa2 36. Nc6 Qb1+ 37. Kh2 Ra1 38. Kh3 Qh1+ 39. Kg4 Rc1 40. Ne7+ Bxe7 41. Bxe7 Qh5+ 42. Kf4 Qf5+ 43. Ke3 Re1+ 44. Kd4 Qe4+ 45. Kc5 Rc1+ 46. Kb6 Qc6+ 47. Ka5 Ra1+ 48. Kxb4 Ra4+ 49. Kb3 Qc4# 0-1


[Site "https://www.chess.com"]

[Event "Titled Tuesday Blitz June 20 Early 2023"]
[White "Demidov, Mikhail"]
[Black "Krishnan, Varun"]
[WhiteFideId "4197143"]
[BlackFideId "5054508"]
[WhiteElo "2500"]
[BlackElo "2570"]
[Result "1-0"]
[Round "2"]
[TimeControl "180+2"]
[Date "2023.06.20"]
[WhiteClock "0:01:34"]
[BlackClock "0:00:44"]
[Board "37"]

1. Nf3 d5 2. g3 Nf6 3. Bg2 g6 4. b3 Bg7 5. Bb2 O-O 6. c4 c6 7. O-O a5 8. Nc3 b6 9. Rc1 Bb7 10. d4 e6 11. Qd3 Na6 12. Rfd1 c5 13. cxd5 Nxd5 14. Nxd5 Bxd5 15. Qb1 Qe7 16. e4 Bb7 17. d5 Rfd8 18. Bxg7 Kxg7 19. Qb2+ Kg8 20. Ne5 Nc7 21. Ng4 h5 22. Nf6+ Kf8 23. d6 Rxd6 24. Nd5 1-0


[Site "https://www.chess.com"]

[Event "Titled Tuesday Blitz June 20 Early 2023"]
[White "Pap, Gyula"]
[Black "Lamaze, Simon"]
[WhiteFideId "725323"]
[BlackFideId "36069264"]
[WhiteElo "2519"]
[BlackElo "2272"]
[Result "1-0"]
[Round "2"]
[TimeControl "180+2"]
[Date "2023.06.20"]
[WhiteClock "0:00:53"]
[BlackClock "0:00:00"]
[Board "38"]

1. d4 Nf6 2. c4 g6 3. Nc3 Bg7 4. e4 d6 5. Be2 O-O 6. Bg5 c5 7. d5 h6 8. Be3 e6 9. dxe6 Bxe6 10. Qd2 Nc6 11. Bxh6 Nd4 12. Bxg7 Kxg7 13. Bd3 Re8 14. Nge2 Bg4 15. f3 Bxf3 16. Nxd4 cxd4 17. gxf3 dxc3 18. Qxc3 Rc8 19. O-O-O b5 20. Kb1 Kg8 21. Qd4 b4 22. Bc2 Re6 23. c5 Qc7 24. c6 Qxc6 25. Bb3 Re5 26. Qxd6 Qxd6 27. Rxd6 Kg7 28. Ra6 Rc7 29. Rc1 Rd7 30. Rc4 Rb7 31. Rd4 Rh5 32. Rd2 Rg5 33. Bc4 Nh5 34. b3 Nf4 35. Kb2 Rc7 36. Rad6 a5 37. Rd7 Rxd7 38. Rxd7 Rg2+ 39. Kb1 Kf6 40. h4 Ke5 41. Bxf7 Ne2 42. Rd2 Rg1+ 43. Kc2 1-0


[Site "https://www.chess.com"]

[Event "Titled Tuesday Blitz June 20 Early 2023"]
[White "Galchenko, Matvey"]
[Black "Skliarov, Viktor"]
[WhiteFideId "24175480"]
[BlackFideId "14106736"]
[WhiteElo "2423"]
[BlackElo "2317"]
[Result "1-0"]
[Round "2"]
[TimeControl "180+2"]
[Date "2023.06.20"]
[WhiteClock "0:00:26"]
[BlackClock "0:00:00"]
[Board "39"]

1. f4 g6 2. Nf3 Bg7 3. g3 Nf6 4. Bg2 O-O 5. O-O d6 6. d3 c5 7. Nc3 Nc6 8. e4 Rb8 9. a4 a6 10. h3 b5 11. axb5 axb5 12. g4 b4 13. Ne2 e6 14. Ng3 Bb7 15. g5 Nd7 16. h4 Nd4 17. h5 Nxf3+ 18. Qxf3 f5 19. gxf6 Qxf6 20. Qg4 Ra8 21. Rxa8 Bxa8 22. e5 Qf7 23. Bxa8 Rxa8 24. exd6 Bd4+ 25. Kg2 Nf6 26. Qf3 Rd8 27. hxg6 hxg6 28. Rh1 Qd7 29. Ne4 Nxe4 30. Qxe4 Kg7 31. f5 Qxd6 32. Bh6+ Kg8 33. fxe6 Qd5 34. Qxd5 Rxd5 35. Bf4 Rd8 36. e7 Re8 37. Bd6 Kf7 38. Re1 Kf6 39. Re2 Kf5 40. c3 bxc3 41. bxc3 Bxc3 42. Bxc5 Bf6 43. d4 g5 44. d5 Bxe7 45. Bxe7 1-0


[Site "https://www.chess.com"]

[Event "Titled Tuesday Blitz June 20 Early 2023"]
[White "Sebag, Marie"]
[Black "Bharath Subramaniyam H"]
[WhiteFideId "617822"]
[BlackFideId "46634827"]
[WhiteElo "2431"]
[BlackElo "2400"]
[Result "0-1"]
[Round "2"]
[TimeControl "180+2"]
[Date "2023.06.20"]
[WhiteClock "0:00:11"]
[BlackClock "0:00:39"]
[Board "40"]

1. d4 Nf6 2. c4 e6 3. Nc3 Bb4 4. e3 d5 5. Bd3 O-O 6. Ne2 b6 7. cxd5 exd5 8. O-O Be7 9. Ng3 Re8 10. f3 c5 11. Bd2 Nc6 12. Nce2 Bf8 13. Rc1 Bd7 14. Kh1 Rc8 15. Bb1 g6 16. Nf4 h5 17. Re1 h4 18. Nf1 h3 19. g4 cxd4 20. exd4 Nxd4 21. Rxc8 Qxc8 22. Rxe8 Qxe8 23. Bc3 Ne6 24. Nxd5 Nxd5 25. Qxd5 Bc6 26. Qd1 Ng5 27. Nd2 Nxf3 28. Ne4 Bxe4 29. Qe2 Ng5+ 0-1


[Site "https://www.chess.com"]

[Event "Titled Tuesday Blitz June 20 Early 2023"]
[White "Jones, Gawain C B"]
[Black "Fonseca Manrique, Enrique"]
[WhiteFideId "409561"]
[BlackFideId "5114330"]
[WhiteElo "2645"]
[BlackElo "2562"]
[Result "1-0"]
[Round "2"]
[TimeControl "180+2"]
[Date "2023.06.20"]
[WhiteClock "0:00:09"]
[BlackClock "0:00:01"]
[Board "41"]

1. Nf3 Nf6 2. g3 g6 3. b3 Bg7 4. Bb2 O-O 5. Bg2 d5 6. c4 c6 7. O-O Bf5 8. d3 Qc8 9. Re1 Bh3 10. Bh1 Nbd7 11. Ng5 Bf5 12. e4 dxe4 13. dxe4 Bg4 14. f3 Be6 15. Nxe6 fxe6 16. e5 Nh5 17. f4 Qc7 18. Qg4 Rad8 19. Bf3 Nc5 20. Be2 Qb6 21. Kg2 Na4 22. Ba3 Qe3 23. bxa4 Rxf4 24. gxf4 Nxf4+ 25. Kh1 Qe4+ 26. Qf3 Qxe5 27. Nc3 Qxc3 28. Rad1 Rf8 29. Qxc3 Bxc3 30. Bxe7 Rf7 31. Bg5 Bxe1 32. Bxf4 Rxf4 33. Rxe1 Re4 34. Kg2 Re3 35. Kf2 Ra3 36. Rd1 Rxa2 37. Rd8+ Kf7 38. Rd7+ Kf6 39. Rxb7 Rxa4 40. Rxh7 a5 41. Rc7 Ra2 42. Rxc6 a4 43. Ra6 a3 44. Ke3 Ke5 45. Bg4 Kf6 46. Bxe6 1-0


[Site "https://www.chess.com"]

[Event "Titled Tuesday Blitz June 20 Early 2023"]
[White "Shukhman, Anna"]
[Black "Moroni, Luca Jr"]
[WhiteFideId "54180058"]
[BlackFideId "865834"]
[WhiteElo "2235"]
[BlackElo "2569"]
[Result "0-1"]
[Round "2"]
[TimeControl "180+2"]
[Date "2023.06.20"]
[WhiteClock "0:01:12"]
[BlackClock "0:01:39"]
[Board "42"]

1. e4 g6 2. d4 Bg7 3. Nf3 d6 4. Nc3 Nf6 5. h3 O-O 6. Be3 d5 7. e5 Ne4 8. Bd3 Bf5 9. O-O c5 10. Nh4 e6 11. Nxf5 gxf5 12. Nb1 cxd4 13. Bxd4 Nc6 14. c3 Nxe5 15. f3 Ng3 16. Re1 Nxd3 17. Qxd3 Nh5 18. Nd2 Nf4 19. Qf1 Qg5 20. Kh1 Bxd4 21. cxd4 Kh8 22. Nb3 Rg8 23. Rac1 Nxg2 24. Re2 Nf4 25. Rh2 Rg7 26. h4 Qg3 27. Qf2 Qxf2 28. Rxf2 Nd3 29. Rfc2 Nxc1 30. Rxc1 b6 31. Nd2 Rag8 32. Nf1 Rg1+ 33. Kh2 R8g2+ 34. Kh3 Kg7 35. Rc7 f4 36. h5 Rg5 37. h6+ Kg6 0-1


[Site "https://www.chess.com"]

[Event "Titled Tuesday Blitz June 20 Early 2023"]
[White "Ovchinnikov, Vsevolod"]
[Black "Ahmadzada, Ahmad"]
[WhiteFideId "24176842"]
[BlackFideId "13413007"]
[WhiteElo "2376"]
[BlackElo "2388"]
[Result "1-0"]
[Round "2"]
[TimeControl "180+2"]
[Date "2023.06.20"]
[WhiteClock "0:00:02"]
[BlackClock "0:00:00"]
[Board "43"]

1. d4 Nf6 2. c4 c5 3. d5 e6 4. Nc3 exd5 5. cxd5 d6 6. Nf3 a6 7. a4 g6 8. Nd2 Nbd7 9. e4 Bg7 10. Be2 O-O 11. O-O Re8 12. Qc2 Ne5 13. a5 g5 14. Ra3 h6 15. b3 Bd7 16. Nc4 Nxc4 17. bxc4 Qe7 18. Bd3 Ng4 19. Nd1 Bd4 20. Kh1 Ne5 21. Be2 Ng6 22. f3 f5 23. Bd3 f4 24. Bb2 Bxb2 25. Qxb2 Rab8 26. Nf2 Ne5 27. Be2 Rbd8 28. g3 Bc8 29. gxf4 gxf4 30. Rg1+ Kh7 31. Qd2 Qh4 32. Qe1 Qf6 33. Ra1 Rg8 34. Qd2 Qh4 35. Nd3 Nxd3 36. Bxd3 Bh3 37. e5+ Kh8 38. e6 Rg3 39. Qb2+ Kg8 40. Qf2 1-0


[Site "https://www.chess.com"]

[Event "Titled Tuesday Blitz June 20 Early 2023"]
[White "Pichot, Alan"]
[Black "MKlose11"]
[WhiteFideId "110973"]
[WhiteElo "2573"]
[BlackElo "2560"]
[Result "1/2-1/2"]
[Round "2"]
[TimeControl "180+2"]
[Date "2023.06.20"]
[WhiteClock "0:00:06"]
[BlackClock "0:00:03"]
[Board "44"]

1. Nf3 Nf6 2. c4 c5 3. b3 Nc6 4. Bb2 e6 5. g3 Be7 6. Bg2 d5 7. cxd5 exd5 8. O-O d4 9. Na3 O-O 10. Nc4 Be6 11. Rc1 Rc8 12. e3 Nb4 13. exd4 Nd3 14. Rb1 Nxb2 15. Rxb2 cxd4 16. Nfe5 Bd5 17. Bxd5 Qxd5 18. Qf3 b5 19. Qxd5 Nxd5 20. Na5 Ba3 21. Rbb1 Rc2 22. Nac6 Rxd2 23. Nf3 Rxa2 24. Nfxd4 g6 25. Nxb5 Bc5 26. Rbd1 Nf6 27. b4 Bb6 28. Nd6 Ng4 29. Ne4 Re8 30. Rfe1 Kg7 31. Nc5 Rxe1+ 32. Rxe1 Nxf2 33. Re7 Nd3 34. Ne5 Nxb4 35. Nd7 Rc2 36. Nxb6 axb6 37. Na4 b5 38. Nb6 Nc6 39. Rb7 Nd4 40. Nd5 Nf3+ 41. Kf1 Rb2 42. h4 h5 43. Nf4 b4 44. Nd3 Rb1+ 45. Ke2 Nd4+ 46. Ke3 Nf5+ 47. Kf2 b3 48. Nc5 b2 49. Nd3 Rd1 50. Nxb2 Rb1 51. Rb6 Ne7 52. Nc4 Rxb6 53. Nxb6 Kf6 54. Kf3 Kf5 55. Nc4 Nc6 56. Nd6+ Ke6 57. Ne4 Ne5+ 58. Kf4 f6 59. Nc5+ Kd5 60. Ne4 Nd3+ 61. Ke3 f5 62. Nf6+ Ke6 63. Nxh5 Ne5 64. Nf4+ Kf6 65. Kd4 Nf3+ 66. Kd5 g5 67. hxg5+ Kxg5 68. Ke6 Kg4 69. Kf6 Kxg3 70. Kxf5 1/2-1/2


[Site "https://www.chess.com"]

[Event "Titled Tuesday Blitz June 20 Early 2023"]
[White "Trifan, Andrei Ioan"]
[Black "Bacrot, Etienne"]
[WhiteFideId "12967068"]
[BlackFideId "605506"]
[WhiteElo "2208"]
[BlackElo "2672"]
[Result "0-1"]
[Round "2"]
[TimeControl "180+2"]
[Date "2023.06.20"]
[WhiteClock "0:00:16"]
[BlackClock "0:00:07"]
[Board "45"]

1. e4 c5 2. Nf3 d6 3. c4 e5 4. Nc3 Nc6 5. d3 g6 6. g3 Bg7 7. Bg2 Nge7 8. h3 O-O 9. Be3 f5 10. Qd2 Nd4 11. exf5 Nexf5 12. Bxd4 exd4 13. Ne4 Bh6 14. Nfg5 Ne3 15. f4 Bxg5 16. Nxg5 Qe7 17. Be4 Bf5 18. Kf2 Rae8 19. Rhe1 Bxe4 20. Nxe4 g5 21. Kg1 gxf4 22. gxf4 Rxf4 23. Rxe3 dxe3 24. Qxe3 Ref8 25. Kh1 Rf1+ 26. Rxf1 Rxf1+ 27. Kg2 Rf8 28. Qh6 Qg7+ 29. Qxg7+ Kxg7 30. Nxd6 b6 31. Ne4 Kg6 32. Kg3 Rf1 33. Nc3 Kf5 34. Nb5 a6 35. Nd6+ Ke5 36. Nc8 Rg1+ 37. Kf2 Rg6 38. Ne7 Rh6 39. Kg3 Re6 40. Nd5 Kd4 41. Kg4 Rg6+ 42. Kf5 Rg3 43. Nxb6 Rxh3 44. a3 h5 45. b4 Rxd3 46. b5 axb5 47. cxb5 h4 48. Kg4 h3 0-1


[Site "https://www.chess.com"]

[Event "Titled Tuesday Blitz June 20 Early 2023"]
[White "Grigoriants, Sergey"]
[Black "Pinheiro, Iung Alicio de O."]
[WhiteFideId "4130804"]
[BlackFideId "2104350"]
[WhiteElo "2502"]
[BlackElo "2283"]
[Result "0-1"]
[Round "2"]
[TimeControl "180+2"]
[Date "2023.06.20"]
[WhiteClock "0:00:03"]
[BlackClock "0:00:26"]
[Board "46"]

1. d4 Nf6 2. c4 Nc6 3. Nf3 e6 4. g3 Bb4+ 5. Bd2 a5 6. Bg2 d6 7. O-O Bxd2 8. Qxd2 e5 9. dxe5 Nxe5 10. Nxe5 dxe5 11. Qxd8+ Kxd8 12. Rd1+ Ke7 13. Nc3 c6 14. Na4 Be6 15. b3 Rad8 16. Nc5 Bc8 17. Kf1 Rd6 18. Rxd6 Kxd6 19. Nd3 e4 20. Ne1 Be6 21. Rd1+ Kc5 22. Nc2 a4 23. Ke1 Ra8 24. Rb1 axb3 25. axb3 Ra2 26. Kd2 e3+ 27. fxe3 Bf5 28. Rc1 Rb2 29. Kc3 Ra2 30. b4+ Kb6 31. c5+ Kc7 32. Nd4 Be4 33. Bxe4 Nxe4+ 34. Kd3 Nf2+ 35. Kc4 Ne4 36. Kd3 Nf2+ 37. Kc4 Ng4 38. Kd3 Ne5+ 39. Ke4 Nd7 40. Rf1 Nf6+ 41. Kd3 Ra3+ 42. Kc4 b5+ 43. cxb6+ Kxb6 44. Nf5 Nd5 45. Nxg7 Nxe3+ 0-1


[Site "https://www.chess.com"]

[Event "Titled Tuesday Blitz June 20 Early 2023"]
[White "Krstulovic, Alex"]
[Black "Xu, Yi"]
[WhiteFideId "760056"]
[BlackFideId "8605564"]
[WhiteElo "2311"]
[BlackElo "2460"]
[Result "1/2-1/2"]
[Round "2"]
[TimeControl "180+2"]
[Date "2023.06.20"]
[WhiteClock "0:00:35"]
[BlackClock "0:00:24"]
[Board "47"]

1. d4 Nf6 2. Nf3 d5 3. Bf4 Bf5 4. e3 e6 5. c4 Bxb1 6. Rxb1 Bb4+ 7. Ke2 dxc4 8. Qa4+ Nc6 9. Ne5 Nd5 10. Nxc6 Qd7 11. Rc1 bxc6 12. Rxc4 Rb8 13. Qxc6 Nxf4+ 14. exf4 Bd6 15. b3 Bxf4 16. Qxd7+ Kxd7 17. g3 Bd6 18. Ra4 Rb4 19. Rxb4 Bxb4 20. Bg2 1/2-1/2


[Site "https://www.chess.com"]

[Event "Titled Tuesday Blitz June 20 Early 2023"]
[White "Demin, Vladimir"]
[Black "Elsa167"]
[WhiteFideId "4167457"]
[WhiteElo "2555"]
[BlackElo "2852"]
[Result "1-0"]
[Round "2"]
[TimeControl "180+2"]
[Date "2023.06.20"]
[WhiteClock "0:00:45"]
[BlackClock "0:00:02"]
[Board "48"]

1. d4 Nf6 2. Nc3 e6 3. e4 d5 4. exd5 exd5 5. Bg5 Be7 6. Nf3 c6 7. Bd3 Bg4 8. O-O O-O 9. h3 Bh5 10. Re1 Nbd7 11. g4 Bg6 12. Ne5 Bxd3 13. Qxd3 Nxe5 14. dxe5 Nd7 15. Bxe7 Qxe7 16. f4 Nc5 17. Qe3 f5 18. exf6 Qxe3+ 19. Rxe3 Rxf6 20. Ne2 a5 21. Rd1 g6 22. Kg2 Kf7 23. a3 a4 24. Rf1 Re6 25. Rxe6 Kxe6 26. Nd4+ Kd6 27. f5 gxf5 28. Nxf5+ Ke5 29. Kf3 Ra5 30. Re1+ Kf6 31. Nd4 Ne4 32. h4 h6 33. Kf4 Ra8 34. c4 Nc5 35. g5+ hxg5+ 36. hxg5+ Kf7 37. Kf5 dxc4 38. g6+ Kg8 39. Re7 Rf8+ 40. Kg5 Rf2 41. Nf5 Rxb2 42. Re8# 1-0


[Site "https://www.chess.com"]

[Event "Titled Tuesday Blitz June 20 Early 2023"]
[White "Ilamparthi A R"]
[Black "Pham, Khoi"]
[WhiteFideId "45015775"]
[BlackFideId "1054988"]
[WhiteElo "2348"]
[BlackElo "2555"]
[Result "1-0"]
[Round "2"]
[TimeControl "180+2"]
[Date "2023.06.20"]
[WhiteClock "0:01:37"]
[BlackClock "0:01:16"]
[Board "49"]

1. e4 c6 2. d3 d5 3. Nd2 Nf6 4. Ngf3 e6 5. g3 Be7 6. Bg2 O-O 7. O-O b6 8. Re1 a5 9. e5 Nfd7 10. Nf1 a4 11. a3 c5 12. h4 b5 13. Bf4 b4 14. h5 Nc6 15. h6 g6 16. N1h2 Nd4 17. Nxd4 cxd4 18. Nf3 Qb6 19. Qd2 Ba6 20. Bg5 Bxg5 21. Qxg5 b3 22. cxb3 axb3 23. Rad1 f6 24. exf6 Rxf6 25. Ne5 Rf7 26. Nxf7 Kxf7 27. Rxe6 Qxe6 28. Bxd5 Re8 29. Bxe6+ 1-0


[Site "https://www.chess.com"]

[Event "Titled Tuesday Blitz June 20 Early 2023"]
[White "Garcia Blanco, Omar"]
[Black "Donchenko, Alexander"]
[WhiteFideId "2287153"]
[BlackFideId "24603295"]
[WhiteElo "2356"]
[BlackElo "2554"]
[Result "0-1"]
[Round "2"]
[TimeControl "180+2"]
[Date "2023.06.20"]
[WhiteClock "0:00:07"]
[BlackClock "0:00:52"]
[Board "50"]

1. e4 c6 2. d4 d5 3. exd5 cxd5 4. Bd3 Nf6 5. h3 Nc6 6. c3 e5 7. dxe5 Nxe5 8. Nf3 Nxd3+ 9. Qxd3 Bd6 10. O-O O-O 11. Nbd2 Bd7 12. Nb3 h6 13. Be3 Re8 14. Rfe1 a6 15. Bc5 Bc7 16. Rxe8+ Bxe8 17. Rd1 Bb5 18. Qe3 Bc4 19. Nbd2 Qe8 20. b3 Qxe3 21. Bxe3 Be2 22. Re1 Bd3 23. Bd4 Ne4 24. Nf1 Ba5 25. b4 Bc7 26. Ne3 Rd8 27. Ne5 Bb5 28. f3 Ng5 29. N5g4 Ne6 30. Be5 Bb6 31. Kh2 d4 32. cxd4 Nxd4 33. Bxd4 Rxd4 34. Nf5 Rxb4 35. Re7 Bc6 36. h4 Bc5 37. Rc7 Rf4 38. Rc8+ Kh7 39. Ng3 Bd6 40. Kh3 g6 41. h5 g5 42. Ne2 Ra4 43. Nf6+ Kg7 44. Rxc6 Rh4# 0-1


[Site "https://www.chess.com"]

[Event "Titled Tuesday Blitz June 20 Early 2023"]
[White "Chigaev, Maksim"]
[Black "Krutko, Anatoly"]
[WhiteFideId "4108116"]
[BlackFideId "4185862"]
[WhiteElo "2561"]
[BlackElo "2378"]
[Result "1-0"]
[Round "2"]
[TimeControl "180+2"]
[Date "2023.06.20"]
[WhiteClock "0:00:09"]
[BlackClock "0:00:03"]
[Board "51"]

1. e4 e5 2. Nf3 Nc6 3. Bb5 a6 4. Ba4 Nf6 5. O-O b5 6. Bb3 Bc5 7. c3 d6 8. d4 Bb6 9. Be3 O-O 10. Nbd2 Bb7 11. Re1 h6 12. h3 Re8 13. d5 Ne7 14. Bxb6 cxb6 15. a4 bxa4 16. Bxa4 b5 17. Bc2 Ng6 18. Nb3 Nh5 19. Na5 Bc8 20. Bd3 Qf6 21. Bf1 Nhf4 22. b3 Nh4 23. Nxh4 Qxh4 24. Qf3 Qg5 25. Qg3 Qf6 26. c4 bxc4 27. bxc4 Bd7 28. Qa3 Qg5 29. Kh2 Qg6 30. g3 Nh5 31. Nb7 f5 32. Nxd6 Rf8 33. exf5 Bxf5 34. Nxf5 Rxf5 35. Ra2 Raf8 36. Ree2 Rf3 37. Re3 Rxf2+ 38. Rxf2 Rxf2+ 39. Kg1 Qf6 40. Bg2 Rd2 41. Rf3 Qg5 42. Qf8+ Kh7 43. Qf5+ Qxf5 44. Rxf5 Nxg3 45. Rxe5 Ne2+ 46. Kh1 Ng3+ 47. Kh2 Nf1+ 48. Kg1 Ng3 49. c5 Ne2+ 50. Kh1 Nf4 51. Be4+ g6 52. c6 Nxh3 53. Re7+ Kg8 54. c7 Nf2+ 55. Kg1 Nh3+ 56. Kf1 Rf2+ 57. Ke1 Rf8 58. d6 Ng5 59. Bd5+ Kh8 60. d7 1-0


[Site "https://www.chess.com"]